 Dungeon Crawl Stone Soup version 0.27.1-1-g398f81649c (webtiles) character file.

Game seed: 12460450517717268161

111 GravelGoth the Shield-Bearer (level 4, -8/40 HPs)
             Began as a Minotaur Fighter on Sept 14, 2021.
             Mangled by an ogre (18 damage)
             ... on level 4 of the Dungeon.
             The game lasted 00:07:41 (2722 turns).

GravelGoth the Shield-Bearer (Minotaur Fighter)     Turns: 2722, Time: 00:07:41

Health: -8/40      AC: 11    Str: 21    XL:     4   Next: 62%
Magic:  3/3        EV:  4    Int:  5    God:
Gold:   104        SH:  9    Dex: 10    Spells: 3/3 levels left

rFire    . . .     SeeInvis .   a - +0 war axe
rCold    . . .     Faith    .   c - +0 kite shield
rNeg     . . .     Spirit   .   e - +0 plate armour
rPois    .         Reflect  .   (helmet restricted)
rElec    .         Harm     .   (no cloak)
rCorr    .         Rampage  .   (no gloves)
Will     .....                  (no boots)
Stlth    ..........             (no amulet)
HPRegen  0.13/turn              (no ring)
MPRegen  0.08/turn              (no ring)

@: no status effects
A: horns 2, retaliatory headbutt
a: no special abilities


You were on level 4 of the Dungeon.
You visited 1 branch of the dungeon, and saw 5 of its levels.

You collected 104 gold pieces.

Inventory:

Hand Weapons
 a - a +0 war axe (weapon)
Missiles
 h - 7 poisoned darts (quivered)
Armour
 b - a +0 scale mail
 c - a +0 kite shield (worn)
 e - a +0 plate armour (worn)
Scrolls
 f - a scroll of fog {unknown}
 i - 4 scrolls of identify {unknown}
 m - a scroll of enchant weapon {unknown}
 n - a scroll of immolation {unknown}
 p - a scroll of blinking {unknown}
Potions
 d - a potion of ambrosia {unknown}
 g - a potion of flight {unknown}
 j - a potion of brilliance {unknown}
 k - a potion of magic {unknown}
 l - a potion of lignification {unknown}
 o - a potion of attraction {unknown}


   Skills:
 + Level 4.0 Fighting
 + Level 4.3 Axes
 + Level 4.2 Armour
 + Level 4.6 Shields


You had 3 spell levels left.
You didn't know any spells.
Your spell library contained the following spells:

 Spells                   Type           Power      Damage    Failure   Level
 Dazzling Flash           Conj/Hex       0%         N/A       100%        3
 Iskenderun's Mystic Bla  Conj/Tloc      0%         2d3       100%        4
 Starburst                Conj/Fire      0%         6d3       100%        6


Dungeon Overview and Level Annotations

Branches:
Dungeon (5/15)
 Temple: D:4-7

Altars:


Innate Abilities, Weirdness & Mutations

You have a pair of horns on your head.
You reflexively headbutt those who attack you in melee.


Message History

Found 3 scrolls labelled JOMMOSEEXT.
i - 4 scrolls labelled JOMMOSEEXT (gained 3)
An ogre and a dart slug come into view.
The ogre shouts!
The dart slug moves out of view.
Throw: 10 darts (poison)
Press: ? - help, Q - select action Shift-Dir - straight line, f - ogre
Aim: an ogre, wielding a +0 giant spiked club (73% to hit)
You throw a poisoned dart. The poisoned dart hits the ogre.
The ogre is poisoned.
You hit the ogre.
You headbutt the ogre, but do no damage.
The ogre is lightly wounded.
You block the ogre's attack.
You hit the ogre.
The ogre is moderately wounded.
You block the ogre's attack.
You barely miss the ogre.
The ogre is moderately wounded.
The ogre barely misses you.
The ogre hits you with a +0 giant spiked club!
Throw: 9 darts (poison)
Press: ? - help, Q - select action Shift-Dir - straight line, f/p - ogre
Aim: an ogre, wielding a +0 giant spiked club (heavily wounded, poisoned, 71% to hit)
You throw a poisoned dart.
The poisoned dart barely misses the ogre.
The ogre looks more healthy.
The ogre hits you with a +0 giant spiked club.
Throw: 8 darts (poison)
Press: ? - help, Q - select action Shift-Dir - straight line, f/p - ogre
Aim: an ogre, wielding a +0 giant spiked club (heavily wounded, 73% to hit)
You throw a poisoned dart. The poisoned dart hits the ogre.
The ogre is poisoned.
The ogre is heavily wounded.
You hit the ogre. Your headbutt misses the ogre.
The ogre is severely wounded.
The ogre hits you with a +0 giant spiked club!
* * * LOW HITPOINT WARNING * * *
The ogre hits you with a +0 giant spiked club!!
You die...

### ### #.### #.# #...#
############.# #.#.#
#............#
#.#.####.##########.#
#.#.#.....O..######.#
#######.#.########(#(w....#
........#.......@O.#.######
####################.#
.............>......(.
#############.######.#. #.#
#.##. #.. ... .. #### #.#
## #.#


You could see an ogre (poisoned).

Vanquished Creatures
  Robin (D:2)
  2 adders
  2 dart slugs
  An orc (D:3)
  5 endoplasms
  5 giant cockroaches
  16 goblins
  6 hobgoblins
  4 jackals
  3 quokkas
  2 ball pythons
  A ball python skeleton (D:2)
  2 ball python zombies (D:2)
  5 bats
  A frilled lizard (D:3)
  A giant cockroach zombie (D:2)
  7 kobolds
  5 rats
69 creatures vanquished.

Vanquished Creatures (others)
  A withered plant (D:2)
1 creature vanquished.

Grand Total: 70 creatures vanquished

Notes
Turn   | Place    | Note
-------+----------+-------------------------------------------
     0 | D:1      | GravelGoth the Minotaur Fighter began the quest for the
                  | Orb.
     0 | D:1      | Reached XP level 1. HP: 19/19 MP: 0/0
   114 | D:1      | Reached XP level 2. HP: 23/27 MP: 1/1
  1274 | D:2      | Reached XP level 3. HP: 33/33 MP: 2/2
  1283 | D:2      | Noticed Robin
  1302 | D:2      | Killed Robin
  1655 | D:2      | Reached XP level 4. HP: 39/40 MP: 3/3
  2603 | D:3      | You fall into a shaft and drop 2 floors!
  2603 | D:5      | Entered Level 5 of the Dungeon
  2691 | D:4      | Noticed an ogre
  2722 | D:4      | Mangled by an ogre

Illustrated notes

Levels and vault maps discovered:
D:1:      minmay_arrival_split_and_join, layout_loops_corners
D:2:      layout_basic, serial_undead, serial_undead_f, serial_undead_c,
          serial_undead_f, serial_undead_f, uniq_robin
D:3:      layout_basic, shapermc_ecumenical_altar_mp_urbaneastern,
          kennysheep_generic_room_8
D:4:      layout_basic
D:5:      layout_loops_ring, mainiacjoe_overflow_cross_hatched,
          nicolae_hepliaklqana_hippocampus

Skill      XL: |  1  2  3  4 |
---------------+-------------+-----
Shields        | 4 |  4.6
Axes           | 3 4 |  4.3
Armour         | 4 |  4.2
Fighting       | 4 |  4.0

Action                   |  1- 3 |  4- 6 || total
-------------------------+-------+-------++-------
Melee: War axe           |    86 |    57 ||   143
       Headbutt          |    14 |     9 ||    23
Throw: Dart              |       |     3 ||     3
  Use: Potion            |     1 |       ||     1
Armor: Scale mail        |    18 |       ||    18
       Plate armour      |    35 |    28 ||    63
Dodge: Dodged            |    23 |    10 ||    33
Block: Kite shield       |    33 |    24 ||    57
